 Dungeon Crawl Stone Soup version 0.30-a0-39-g42789b21ef (webtiles) character file.

Game seed: 18101394023339884652

3252 BritishOli the Fighter (level 9, 0/74 (78) HPs)
             Began as a Demonspawn Fighter on Aug 29, 2022.
             Was a Follower of Makhleb.
             Slain by a gnoll bouda
             ... wielding a +0 club
              (3 damage)
             ... on level 8 of the Dungeon.
             The game lasted 00:06:03 (6705 turns).

BritishOli the Fighter (Demonspawn Fighter)         Turns: 6705, Time: 00:06:04

HP:   0/74 (78)     AC: 17    Str: 21    XL:     9   Next: 67%
MP:   9/9           EV:  6    Int: 10    God:    Makhleb [*.....]
Gold: 428           SH:  0    Dex: 18    Spells: 8/8 levels left

rFire   . . .      SeeInvis +    a - +0 long sword
rCold   . . .      Faith    .    (no shield)
rNeg    . . .      Spirit   .    g - +0 plate armour
rPois   .          Reflect  .    (helmet restricted)
rElec   .          Harm     .    (no cloak)
rCorr   .          Rampage  .    t - +0 pair of gloves
Will    .....                    r - +0 pair of boots
Stlth   ..........               u - amulet of regeneration
HPRegen 1.02/turn                D - ring of see invisible
MPRegen 0.11/turn                y - +6 ring of dexterity

@: drained
A: antennae 1, spiny 1, weakness stinger 2, demonic touch 2
a: Renounce Religion


You were on level 8 of the Dungeon.
You worshipped Makhleb.
Makhleb was aware of your devotion.
You visited 2 branches of the dungeon, and saw 9 of its levels.

You collected 428 gold pieces.

Inventory:

Hand Weapons
 a - a +0 long sword (weapon)
Armour
 g - a +0 plate armour (worn)
 r - a +0 pair of boots (worn)
 t - a +0 pair of gloves (worn)
Jewellery
 h - a ring of resist corrosion
 u - an amulet of regeneration (around neck)
 y - a +6 ring of dexterity (right hand)
 D - a ring of see invisible (left hand)
 H - a ring of protection from fire
 K - a +6 ring of intelligence
Wands
 p - a wand of paralysis (23)
 A - a wand of roots (7)
 J - a wand of quicksilver (12)
Scrolls
 f - 2 scrolls of immolation {unknown}
 i - 3 scrolls of identify
 k - 3 scrolls of noise
 m - 3 scrolls of vulnerability {unknown}
 n - a scroll of enchant armour {unknown}
 s - 2 scrolls of fog
 v - a scroll of blinking {unknown}
 w - 2 scrolls of teleportation {unknown}
 x - a scroll of amnesia {unknown}
 B - a scroll of poison {unknown}
 E - 2 scrolls of magic mapping {unknown}
 G - a scroll of summoning {unknown}
Potions
 b - a potion of haste {unknown}
 d - 2 potions of might
 e - 6 potions of curing {unknown}
 l - 2 potions of berserk rage {unknown}
 o - 4 potions of heal wounds {unknown}
 z - a potion of flight {unknown}
 F - 3 potions of resistance {unknown}
 I - 3 potions of brilliance {unknown}
 L - a potion of degeneration {unknown}


   Skills:
 + Level 10.1 Fighting
 - Level 2.0 Long Blades
 + Level 9.3 Armour
 - Level 2.8 Shields


You had 8 spell levels left.
You didn't know any spells.
Your spell library contained the following spells:

 Spells                   Type           Power      Damage    Failure   Level
 Foxfire                  Conj/Fire      0%         2x1d4     99%         1
 Conjure Flame            Conj/Fire      0%         6-21      100%        3
 Ignite Poison            Fire/Tmut/Pois 0%         N/A       100%        3
 Inner Flame              Hex/Fire       0%         N/A       100%        3
 Mephitic Cloud           Conj/Pois/Air  0%         N/A       100%        3
 Flame Wave               Conj/Fire      0%         2d4       100%        4
 Freezing Cloud           Conj/Ice/Air   0%         6-21      100%        5


Dungeon Overview and Level Annotations

Branches:
Dungeon (8/15)             Temple (1/1) D:7
   Lair: D:8-11

Altars:
Ashenzari
Cheibriados
Dithmenos
Fedhas
Gozag
Hepliaklqana
Kikubaaqudgha
Makhleb
Nemelex Xobeh
Okawaru
Ru
Uskayaw
Vehumet
Wu Jian
Xom
Yredelemnul


Innate Abilities, Weirdness & Mutations

You have a pair of small antennae on your head.
You are partially covered in sharp spines.
You have a tail ending in a sharp stinger.
Your touch may inflict irresistible damage on your foes.


Message History

The gnoll attacks as you move away! The gnoll hits you but does no damage.
You feel drained. The gnoll hits you with a +0 flail!
* * * LOW HITPOINT WARNING * * *
The gnoll is struck by your spines. The gnoll hits you but does no damage.
The gnoll attacks as you move away! The gnoll is struck by your spines.
The gnoll closely misses you. The gnoll attacks as you move away!
The gnoll is struck by your spines.
The gnoll hits you with a +2 flail of draining.
* * * LOW HITPOINT WARNING * * *
You feel drained.
* * * LOW HITPOINT WARNING * * *
The gnoll is struck by your spines.
You kill the gnoll!
Makhleb accepts your kill. The gnoll hits you with a +0 flail.
* * * LOW HITPOINT WARNING * * *
Unknown command.
You barely miss the gnoll bouda. Your touch misses the gnoll bouda.
Your attacks no longer feel as feeble.
The gnoll hits you from afar with a +0 halberd.
* * * LOW HITPOINT WARNING * * *
The gnoll bouda hits you with a +0 club.
* * * LOW HITPOINT WARNING * * *
The gnoll hits you but does no damage.
Unknown command.
As you read the scroll labelled ZECLEV FAM, it crumbles to dust.
It is a scroll of identify.
k - 3 scrolls of noise The gnoll is no longer moving quickly.
The gnoll hits you but does no damage. x2
The gnoll bouda barks out a call to the hunt!
The gnoll picks up the pace!
The gnoll is struck by your spines. The gnoll closely misses you.
The gnoll barely misses you.
As you read the scroll labelled GIDEMI LEKINT, it crumbles to dust.
The scroll dissolves into smoke.
It was a scroll of fog.
The gnoll hits you from afar with a +0 halberd.
* * * LOW HITPOINT WARNING * * *
The gnoll hits you but does no damage.
The gnoll bouda hits you with a +0 club.
You die...

#....# ########
#....#####......####
#..................#
........#####..........
....##### #.........#
.... #.........# ....
###.###...# ..
#########.## ..#
#)...g@g§..# .#
#...§gg§§..#
..###...§)g)§..#
......)........+
$.##...........#
#.....####### #.....#
#.....# #.....#


You could see a gnoll bouda and 4 gnolls.

Vanquished Creatures
  Maurice (D:8)
  Grinder (D:3)
  2 wyverns
  Edmund (D:4)
  5 water moccasins
  An orc warrior (D:7)
  3 black bears
  An ogre (D:5)
  2 kobold brigands
  A bullfrog (D:8)
  2 necrophages
  A scorpion (D:6)
  2 jellies
  6 hounds
  4 orc priests
  9 orc wizards
  Ijyb (D:3)
  3 iguanas
  A gnoll (D:8)
  11 adders
  A shadow imp (D:5)
  2 white imps
  An ufetubus (D:4)
  A worm (D:2)
  24 orcs
  6 endoplasms
  2 giant cockroaches (D:1)
  9 hobgoblins
  4 jackals (D:1)
  19 kobolds
  4 quokkas
  10 ball pythons
  9 bats
  4 frilled lizards
  7 goblins
  4 rats
165 creatures vanquished.

Notes
Turn   | Place    | Note
-------+----------+-------------------------------------------
     0 | D:1      | BritishOli the Demonspawn Fighter began the quest for the
                  | Orb.
     0 | D:1      | Reached XP level 1. HP: 18/18 MP: 1/1
   284 | D:1      | Discovered your monstrous ancestry.
   284 | D:1      | Gained mutation: Your touch may inflict minor irresistible
                  | damage on your foes. [demonic ancestry]
   284 | D:1      | Reached XP level 2. HP: 22/24 MP: 2/2
   307 | D:1      | Found a faded altar of an unknown god.
   845 | D:1      | Gained mutation: You have a small tail. [demonic ancestry]
   845 | D:1      | Reached XP level 3. HP: 29/29 MP: 3/3
  2608 | D:2      | Gained mutation: You have a tail ending in a sharp stinger.
                  | [demonic ancestry]
  2608 | D:2      | Reached XP level 4. HP: 37/37 MP: 4/4
  2664 | D:2      | Reached skill level 4 in Fighting
  2996 | D:3      | Gained mutation: Your touch may inflict irresistible damage
                  | on your foes. [demonic ancestry]
  2996 | D:3      | Reached XP level 5. HP: 39/43 MP: 5/5
  3117 | D:3      | Noticed Ijyb
  3123 | D:3      | Killed Ijyb
  3186 | D:3      | Noticed Grinder
  3203 | D:3      | Killed Grinder
  3204 | D:3      | Reached skill level 5 in Fighting
  3204 | D:3      | Reached skill level 5 in Armour
  3204 | D:3      | Reached XP level 6. HP: 50/51 MP: 6/6
  3376 | D:3      | Found a sparkling altar of Nemelex Xobeh.
  3394 | D:3      | Found a snail-covered altar of Cheibriados.
  3409 | D:3      | Found a basalt altar of Yredelemnul.
  3652 | D:4      | Reached XP level 7. HP: 52/57 MP: 7/7
  3712 | D:4      | Noticed Edmund
  3725 | D:4      | Killed Edmund
  3726 | D:4      | Reached skill level 6 in Fighting
  3764 | D:4      | Found a hazy altar of Hepliaklqana.
  4574 | D:5      | Entered Level 5 of the Dungeon
  4656 | D:5      | Reached skill level 7 in Fighting
  4695 | D:5      | Gained mutation: You are partially covered in sharp spines.
                  | [demonic ancestry]
  4695 | D:5      | Reached XP level 8. HP: 44/67 MP: 8/8
  5367 | D:6      | Reached skill level 8 in Fighting
  5858 | D:7      | Found a staircase to the Ecumenical Temple.
  5913 | Temple   | Entered the Ecumenical Temple
  6098 | Temple   | Became a worshipper of Makhleb the Destroyer
  6122 | D:7      | Gained mutation: You have a pair of small antennae on your
                  | head. [demonic ancestry]
  6122 | D:7      | Reached XP level 9. HP: 55/75 MP: 9/9
  6178 | D:7      | Reached skill level 9 in Fighting
  6584 | D:8      | Reached * piety under Makhleb
  6683 | D:8      | Noticed Maurice
  6696 | D:8      | Killed Maurice
  6697 | D:8      | Reached skill level 10 in Fighting
  6705 | D:8      | HP: 3/74 [gnoll/+0 halberd[a gnoll bouda] (4)]
  6705 | D:8      | Slain by a gnoll bouda

Illustrated notes

Levels and vault maps discovered:
D:1:      dpeg_arrival_boxes_within_box, layout_basic,
          ebering_ecumenical_altar_hall
D:2:      layout_loops_ring
D:3:      layout_rooms, grunt_temple_overflow_cloverleaf, minmay_checkerbox,
          uniq_grinder, uniq_ijyb
D:4:      layout_basic, overflow_temple_1_default, abandoned_shop, uniq_edmund
D:5:      layout_loops_ring
D:6:      layout_basic
D:7:      layout_cave_pools, minmay_temple_entry_grid
D:8:      layout_basic, lair_entry_dummy, special_room [special_room_orc],
          uniq_maurice, uniq_amaemon
Temple:   nicolae_temple_bog_church

Skill      XL: |  1  2  3  4  5  6  7  8  9 |
---------------+----------------------------+-----
Long Blades    | 2 |  2.0
Armour         | 3 4 5 6 8 9 |  9.3
Fighting       | 4 5 7 8 10 | 10.1
Shields        | |  2.8

Action                   |  1- 3 |  4- 6 |  7- 9 || total
-------------------------+-------+-------+-------++-------
Melee: Long sword        |   138 |    89 |   213 ||   440
       Touch             |     8 |    17 |    42 ||    67
       Tailslap          |     1 |    14 |    36 ||    51
       Punch             |       |     1 |     3 ||     4
  Use: Scroll            |       |       |     2 ||     2
Armor: Plate armour      |   137 |    69 |   197 ||   403
       Scale mail        |     1 |       |       ||     1
Dodge: Dodged            |    48 |    18 |    89 ||   155
Block: Buckler           |    34 |       |       ||    34

Table legend: (Time is in decaauts)
 A = Elapsed time spent in this place.
 B = Non-inter-level travel time spent in this place.
 C = Inter-level travel time spent in this place.
 D = Time resting spent in this place.
 E = Time spent auto-exploring this place.
 F = Levels seen in this place.
 G = Mean time per level.
                   A        B        C        D        E       F      G
               +--------+--------+--------+--------+--------+-----+--------+
         Total |   6842 |   6559 |    283 |    297 |   5174 |   9 |  760.2 |
       Dungeon |   6634 |   6397 |    237 |    297 |   5034 |   8 |  829.2 |
        Temple |    208 |    162 |     46 |      0 |    140 |   1 |  208.0 |
               +--------+--------+--------+--------+--------+-----+--------+

Top non-repeatable levels by time:
     D:1: 1647 daAuts
     D:2: 1210 daAuts
     D:4: 1065 daAuts
     D:3: 733 daAuts
     D:5: 698 daAuts
     D:7: 652 daAuts
     D:6: 494 daAuts
  Temple: 208 daAuts
     D:8: 131 daAuts
